[Event "Turkish Second League 2019"]
[Site "Konya"]
[Date "2019.07.28"]
[Round "9"]
[White "Guney, Gamze Nur"]
[Black "Kara, Gulce Nehir"]
[Result "1/2-1/2"]
[ECO "B42"]
[WhiteElo "1735"]
[BlackElo "1767"]
[Annotator "NA"]
[PlyCount "97"]
[EventDate "2019.07.22"]
[EventType "team-tourn"]
[EventCountry "TUR"]
[SourceTitle "playchess.com"]
[Source "ChessBase"]
[SourceQuality "1"]
[TimeControl "5400+30"]

1. e4 c5 2. Nf3 e6 3. d4 cxd4 4. Nxd4 a6 5. c4 Nf6 6. Bd3 d6 7. O-O Be7 8. b3 O-O 9. Bb2 Qc7 10. Re1 Nc6 11. Nxc6 bxc6 12. e5 Ne8 13. Qh5 g6 14. Qh6 dxe5 15. Rxe5 f5 16. Re2 Bf6 17. Nc3 e5 18. c5 Be6 19. Rae1 e4 20. Bb1 Qa5 21. Qc1 Rd8 22. Na4 Bxb2 23. Qxb2 Nc7 24. Bc2 Nd5 25. a3 Nf4 26. Re3 Nd3 27. Bxd3 Rxd3 28. Nc3 Rxe3 29. Rxe3 Qxc5 30. g3 Rb8 31. Ne2 Qd5 32. Qf6 Bf7 33. b4 Qd1+ 34. Kg2 Qd5 35. Nf4 Qd7 36. h4 Rd8 37. h5 Qd6 38. Qg5 Re8 39. h6 Qe7 40. Qxe7 Rxe7 41. Rc3 Rc7 42. a4 Kf8 43. b5 Ke7 44. b6 Rb7 45. Rxc6 Kd7 46. Rf6 Ke7 47. Rc6 Kd7 48. Rf6 Ke7 49. Rc6 1/2-1/2

[Event "Turkish Second League 2019"]
[Site "Konya"]
[Date "2019.07.28"]
[Round "9"]
[White "Mustu, Hatice Asli"]
[Black "Gunes, Deren"]
[Result "1/2-1/2"]
[ECO "D02"]
[WhiteElo "1679"]
[BlackElo "1266"]
[Annotator "NA"]
[PlyCount "69"]
[EventDate "2019.07.22"]
[EventType "team-tourn"]
[EventCountry "TUR"]
[SourceTitle "playchess.com"]
[Source "ChessBase"]
[SourceQuality "1"]
[TimeControl "5400+30"]

1. d4 Nf6 2. Nf3 d5 3. Bf4 c5 4. e3 Nc6 5. c3 e6 6. Nbd2 Bd6 7. Bg3 O-O 8. Bd3 Re8 9. Qe2 e5 10. dxe5 Nxe5 11. Nxe5 Bxe5 12. Nf3 Bd6 13. Rd1 a6 14. Qc2 Bg4 15. Bxh7+ Kh8 16. Bf5 Bxf5 17. Qxf5 Qe7 18. Ng5 Rad8 19. Qh3+ Kg8 20. Rxd5 Bc7 21. Rxd8 Rxd8 22. O-O Bxg3 23. Qxg3 Qd6 24. Qxd6 Rxd6 25. Nf3 Ne4 26. Rb1 Rb6 27. b3 Nxc3 28. Rb2 c4 29. Nd4 cxb3 30. axb3 Nb5 31. Nf3 Nc3 32. Kf1 Na4 33. Rb1 Nc3 34. Rb2 Na4 35. Rb1 1/2-1/2